Map: Dusk Towers

Players

Kesha - Winner!

  • Race: Zerg Zerg
  • League: Master

lIIlIIlIIlII

  • Race: Protoss Protoss
  • League: Master

VOD

Have the link to the VOD?

Description

Time

  • Played on: March 10, 2016, 5:53 p.m.
  • Length: 22:28
Show
View Real Time Build Order
Export as new Build Order

Kesha Zerg - Winner!

Build Orders: Hatch First 

Get SALT Encoding   

  12  0:01  Drone  
  13  0:12  Overlord  
  13  0:17  Drone  
  14  0:30  Drone  
  14  0:31  Drone  
  14  0:34  Drone  
  17  0:53  Hatchery  
  17  0:55  Drone  
  17  1:05  Drone  
  17  1:08  Extractor  
  17  1:16  Spawning Pool  
  17  1:18  Drone  
  17  1:21  Drone  
  18  1:28  Overlord  
  18  1:39  Drone  
  19  1:52  Drone  
  20  2:02  Queen  
  20  2:04  Zergling x2  
  20  2:07  Queen  
  25  2:08  Drone  
  25  2:10  Drone  
  25  2:14  Metabolic Boost  
  27  2:25  Drone  
  28  2:38  Hatchery, Drone  
  28  2:41  Drone  
  28  2:43  Drone  
  30  2:48  Drone x2  
  32  2:51  Drone  
  32  2:54  Drone  
  34  2:58  Overlord  
  34  3:04  Drone  
  35  3:13  Drone  
  35  3:14  Overlord  
  35  3:16  Queen  
  38  3:21  Overlord x2  
  37  3:36  Extractor  
  37  3:37  Drone x3  
  37  3:38  Drone x2  
  41  3:41  Extractor  
  41  3:42  Roach Warren  
  41  3:44  Drone x3  
  42  3:52  Overlord x2  
  42  3:58  Drone  
  42  3:59  Drone  
  42  4:02  Lair  
  44  4:03  Drone  
  44  4:04  Drone  
  44  4:07  Drone  
  44  4:08  Zergling x2  
  48  4:12  Spore Crawler  
  48  4:16  Spore Crawler  
  46  4:17  Drone  
  46  4:18  Drone  
  46  4:21  Drone, Extractor  
  48  4:26  Drone x2  
  48  4:27  Drone  
  48  4:30  Drone  
  52  4:32  Drone x2  
  52  4:35  Drone  
  55  4:39  Drone x2  
  55  4:40  Drone  
  55  4:43  Drone x2  
  55  4:45  Drone  
  61  4:47  Drone  
  61  4:48  Drone  
  61  4:50  Drone  
  61  4:52  Drone  
  65  5:00  Drone, Spire  
  65  5:04  Drone x2  
  65  5:05  Spore Crawler  
  65  5:06  Drone  
  67  5:08  Overseer  
  67  5:11  Zergling x6  
  67  5:13  Drone  
  67  5:14  Drone  
  72  5:17  Extractor  
  72  5:18  Extractor  
  72  5:19  Roach x2  
  75  5:21  Roach  
  75  5:23  Roach  
  75  5:25  Roach  
  79  5:35  Overlord x2  
  79  5:38  Roach  
  72  6:12  Mutalisk x6  
  78  6:19  Drone x3  
  78  6:22  Drone x2  
  74  6:35  Drone  
  74  6:36  Drone x6  
  80  6:54  Mutalisk  
  82  7:02  Drone x3  
  82  7:03  Drone x2  
  82  7:04  Drone  
  82  7:07  Hatchery  
  87  7:23  Mutalisk  
  89  7:31  Zergling x2  
  89  7:36  Glial Reconstitution  
  89  7:37  Evolution Chamber  
  89  7:38  Evolution Chamber  
  86  7:45  Zergling x2  
  86  7:46  Zergling x10  
  86  7:49  Overlord x5  
  86  7:50  Queen  
  90  7:57  Zergling x2  
  90  7:58  Zergling x6  
  86  8:03  Zerg Melee Weapons Level 1  
  86  8:04  Zerg Ground Armor Level 1  
  86  8:06  Drone  
  86  8:07  Drone  
  86  8:08  Drone  
  86  8:11  Zergling x4  
  86  8:12  Ravager, Zergling x2  
  93  8:13  Ravager x3, Infestation Pit  
  93  8:18  Drone  
  93  8:19  Drone  
  95  8:21  Drone x2  
  95  8:22  Drone  
  95  8:23  Overlord  
  95  8:24  Drone  
  99  8:33  Spore Crawler x2  
  97  8:34  Zergling x2  
  97  8:35  Zergling x12, Spore Crawler  
  97  8:39  Queen  
  97  8:40  Drone  
  106  8:45  Zergling x6  
  109  8:52  Zergling x2  
  109  8:53  Zergling x6  
  104  9:06  Zergling x2  
  104  9:07  Zergling x10  
  108  9:14  Overlord x5  
  108  9:16  Hive  
  108  9:17  Pathogen Glands  
  104  9:31  Queen x2  
  104  9:34  Zergling x14  
  104  9:37  Zergling x2  
  91  9:48  Spore Crawler  
  91  9:49  Spore Crawler  
  91  9:50  Zergling x14, Spore Crawler  
  90  9:56  Drone x3  
  93  10:02  Drone  
  93  10:04  Drone  
  93  10:06  Drone x2  
  97  10:14  Zerg Melee Weapons Level 2, Zerg Ground Armor Level 2  
  97  10:16  Drone  
  93  10:26  Overlord x2  
  93  10:27  Overlord x3  
  93  10:32  Zergling x2  
  93  10:33  Ultralisk Cavern, Zergling x12  
  99  10:40  Zergling x2  
  99  10:41  Zergling x10  
  98  11:00  Overlord x3  
  98  11:05  Adrenal Glands  
  98  11:20  Ultralisk x4  
  98  11:24  Chitinous Plating  
  122  11:27  Drone x6  
  128  11:35  Ultralisk  
  131  11:41  Drone x3  
  131  11:42  Drone  
  131  11:43  Drone  
  131  11:44  Drone x2  
  138  11:51  Ultralisk  
  144  11:56  Zergling x2  
  144  11:57  Zergling x8  
  149  12:08  Ultralisk  
  153  12:18  Spore Crawler  
  152  12:23  Zerg Flyer Weapons Level 1  
  152  12:24  Zergling x2  
  152  12:25  Zergling x28  
  165  12:34  Hydralisk Den, Zerg Missile Weapons Level 1  
  165  12:36  Zerg Ground Armor Level 3  
  164  12:40  Mutalisk  
  164  12:41  Roach x2  
  170  12:47  Drone x5  
  104  13:29  Hydralisk  
  104  13:30  Hydralisk  
  104  13:31  Hydralisk x13  
  134  13:34  Muscular Augments  
  134  13:41  Zergling x14  
  135  13:42  Zergling x6  
  144  13:50  Extractor  
  144  13:51  Extractor  
  144  13:52  Zergling x10  
  144  13:55  Hydralisk x3  
  151  13:56  Hatchery  
  152  14:03  Hydralisk x2  
  156  14:20  Zergling x2  
  156  14:21  Zergling x10  
  162  14:28  Zerg Melee Weapons Level 3  
  162  14:31  Spore Crawler  
  161  14:42  Hydralisk x2  
  161  14:43  Hydralisk  
  161  14:45  Overlord x2  
  166  14:46  Overlord  
  166  15:00  Spore Crawler  
  165  15:09  Hydralisk  
  165  15:10  Hydralisk x3  
  165  15:12  Ultralisk  
  165  15:13  Ultralisk, Zerg Missile Weapons Level 2  
  185  15:15  Zergling x10  
  190  15:23  Zergling x2  
  190  15:24  Zergling x10  
  194  15:31  Ravager x2  
  144  15:59  Zergling x24  
  144  16:00  Zergling x20  
  166  16:10  Extractor  
  166  16:11  Ultralisk x2  
  177  16:20  Zerg Flyer Armor Level 1  
  177  16:25  Drone x3  
  180  16:30  Zergling x8  
  180  16:31  Zergling x4  
  164  16:39  Ultralisk x2  
  136  16:45  Zergling x2  
  136  16:46  Zergling x12  
  111  16:55  Hydralisk  
  111  16:56  Hydralisk x3  
  111  17:01  Overseer  
  119  17:06  Overseer  
  119  17:08  Hydralisk  
  119  17:09  Hydralisk x3  
  127  17:17  Extractor  
  126  17:28  Ultralisk  
  132  17:36  Zerg Missile Weapons Level 3  
  132  17:38  Zergling x2  
  132  17:39  Zergling x2  
  134  17:47  Spore Crawler  
  134  17:49  Spore Crawler  
  131  17:56  Hatchery  
  127  18:03  Ultralisk x2  
  139  18:09  Zergling x2  
  139  18:10  Zergling x16  
  148  18:14  Zerg Flyer Weapons Level 2  
  148  18:33  Zergling x8  
  148  18:34  Zergling x22  
  161  18:45  Zergling x18  
  169  19:00  Overlord  
  169  19:02  Pneumatized Carapace  
  169  19:04  Burrow  
  169  19:10  Drone  
  169  19:14  Hydralisk, Spore Crawler  
  169  19:15  Hydralisk x2  
  169  19:16  Hydralisk x4  
  183  19:23  Zergling x2  
  173  19:24  Zergling x12  
  173  19:26  Hydralisk  
  173  19:30  Overseer  
  181  19:42  Zergling x4  
  181  19:43  Zergling x20  
  118  19:57  Zergling x2  
  118  19:58  Zergling x18  
  108  20:18  Zergling x16  
  116  20:23  Hatchery  
  116  20:28  Ultralisk  
  109  20:42  Hydralisk x2  
  109  20:43  Hydralisk x5  
  123  20:59  Ultralisk  
  123  21:00  Ultralisk  
  135  21:08  Drone  
  136  21:23  Overseer  
  136  21:26  Ultralisk x3  
  136  21:28  Hydralisk  
  136  21:29  Hydralisk  
  158  21:39  Spore Crawler  
  157  21:42  Spore Crawler  
Show
View Real Time Build Order
Export as new Build Order

lIIlIIlIIlII Protoss 

Build Orders: Nexus First 

Get SALT Encoding   

  12  0:01  Probe (Chrono Boost)  
  13  0:11  Probe (Chrono Boost)  
  14  0:17  Pylon  
  14  0:24  Probe (Chrono Boost)  
  16  0:35  Probe (Chrono Boost)  
  16  0:46  Probe (Chrono Boost)  
  17  0:57  Probe (Chrono Boost)  
  18  1:05  Nexus  
  18  1:14  Gateway  
  18  1:20  Assimilator  
  18  1:21  Probe (Chrono Boost)  
  19  1:31  Probe (Chrono Boost)  
  20  1:41  Assimilator  
  20  1:42  Probe (Chrono Boost)  
  21  1:52  Probe (Chrono Boost)  
  22  2:01  Cybernetics Core  
  22  2:03  Probe (Chrono Boost)  
  22  2:07  Pylon  
  23  2:17  Probe (Chrono Boost)  
  23  2:18  Probe (Chrono Boost)  
  25  2:27  Probe (Chrono Boost)  
  25  2:28  Probe (Chrono Boost)  
  27  2:37  Probe (Chrono Boost)  
  27  2:38  Adept (Chrono Boost), Probe (Chrono Boost)  
  27  2:39  Warp Gate (Chrono Boost)  
  31  2:48  Probe  
  31  2:50  Mothership Core  
  34  2:52  Gateway  
  34  2:54  Gateway  
  34  2:58  Probe  
  34  3:04  Stalker (Chrono Boost)  
  37  3:09  Probe  
  37  3:11  Probe  
  39  3:19  Probe (Chrono Boost)  
  39  3:20  Pylon  
  39  3:23  Probe (Chrono Boost)  
  41  3:32  Probe (Chrono Boost)  
  42  3:35  Probe (Chrono Boost)  
  42  3:41  Probe (Chrono Boost)  
  43  3:46  Probe  
  45  3:54  Probe  
  45  3:56  Nexus  
  45  3:57  Pylon  
  45  3:58  Probe  
  45  4:00  Pylon  
  47  4:05  Probe  
  47  4:06  Twilight Council  
  48  4:10  Probe  
  48  4:11  Forge  
  48  4:15  Probe  
  50  4:22  Gateway  
  50  4:23  Gateway  
  50  4:26  Pylon  
  50  4:27  Probe x2 (Chrono Boost)  
  50  4:31  Protoss Ground Weapons Level 1  
  52  4:33  Assimilator x2  
  52  4:35  Pylon  
  52  4:39  Adept x3  
  52  4:42  Probe x2 (Chrono Boost)  
  60  4:50  Charge (Chrono Boost)  
  60  4:53  Probe x2  
  62  5:05  Probe  
  62  5:06  Probe  
  64  5:07  Adept x3  
  64  5:10  Probe  
  71  5:19  Probe x2  
  71  5:20  Probe  
  73  5:27  Robotics Facility  
  74  5:31  Probe x2  
  74  5:33  Probe  
  77  5:35  Robotics Facility  
  77  5:43  Probe  
  76  6:08  Probe x2  
  76  6:10  Stargate x2, Blink (Chrono Boost)  
  78  6:12  Stalker x5, Pylon  
  78  6:14  Pylon  
  78  6:17  Pylon  
  80  6:36  Probe x2  
  78  6:46  Assimilator  
  78  6:47  Assimilator  
  78  6:50  Stalker x4, Pylon  
  78  6:51  Stalker, Pylon x2  
  78  6:52  Pylon  
  78  6:53  Phoenix x2 (Chrono Boost)  
  92  7:01  Templar Archives  
  92  7:14  Photon Cannon  
  86  7:16  Photon Cannon  
  86  7:20  Phoenix x2 (Chrono Boost)  
  85  7:34  Stalker  
  86  7:42  Phoenix x2 (Chrono Boost)  
  84  7:49  Probe  
  84  7:50  Probe x2  
  87  7:56  Protoss Ground Weapons Level 2  
  85  8:01  Probe  
  85  8:02  Probe x2  
  88  8:14  Probe x3  
  88  8:19  Stalker x5, Robotics Bay  
  101  8:26  Probe x3  
  104  8:38  Probe x3  
  103  9:07  Zealot x3  
  103  9:08  Zealot x2  
  103  9:09  Immortal  
  105  9:10  Void Ray x2 (Chrono Boost)  
  113  9:33  Zealot x5  
  111  9:49  Void Ray x2 (Chrono Boost), Immortal  
  117  9:55  Probe x3  
  120  10:05  Zealot x5  
  130  10:13  Protoss Ground Armor Level 1  
  130  10:14  Gateway x2  
  130  10:16  Gateway  
  130  10:17  Gateway x2  
  130  10:29  Zealot  
  130  10:30  Zealot x4  
  140  10:37  Nexus  
  140  10:39  Pylon  
  140  10:40  Pylon  
  140  10:42  Immortal  
  152  10:43  Void Ray x2 (Chrono Boost)  
  152  11:01  High Templar x5  
  162  11:04  Psionic Storm  
  162  11:12  Probe x3  
  162  11:18  High Templar x3  
  169  11:24  Probe x2  
  173  11:44  Archon  
  173  11:45  Archon x2  
  173  11:47  Archon  
  173  11:48  Probe  
  173  11:50  Probe, Pylon  
  173  11:51  Probe x2  
  173  11:52  Pylon  
  177  11:56  Pylon x2  
  177  12:00  Probe, Pylon  
  178  12:02  Fleet Beacon  
  178  12:03  Probe x2  
  180  12:14  High Templar x5  
  190  12:16  Zealot x5  
  200  12:27  Gateway  
  200  12:28  Forge, Gateway  
  200  12:29  Gateway  
  200  12:30  Gateway  
  200  12:45  Assimilator x2  
  200  13:01  Dark Shrine  
  118  13:25  Void Ray x2 (Chrono Boost)  
  108  13:28  Immortal  
  108  13:31  Protoss Ground Weapons Level 3 (Chrono Boost)  
  120  13:42  Robotics Facility  
  120  13:44  Robotics Facility  
  120  13:46  Zealot x5  
  120  13:47  Zealot x5  
  120  13:48  Pylon  
  140  13:50  Pylon  
  140  13:52  Protoss Ground Armor Level 2 (Chrono Boost), Pylon  
  140  14:11  Immortal  
  144  14:21  High Templar  
  144  14:22  High Templar x5  
  144  14:23  Zealot x4  
  144  14:24  Zealot x4  
  172  14:34  Immortal x2  
  180  14:47  Pylon  
  180  14:49  Pylon  
  180  14:58  Dark Templar x4  
  188  15:00  Zealot x6  
  200  15:09  Archon  
  200  15:10  Archon  
  118  15:59  Immortal x3  
  118  16:03  Dark Templar x5  
  118  16:04  Dark Templar  
  120  16:05  Zealot x8  
  136  16:23  Nexus  
  136  16:25  Pylon  
  136  16:27  Pylon  
  136  16:29  Pylon  
  120  16:36  Zealot x3  
  120  16:37  Zealot x8  
  138  16:41  Protoss Ground Armor Level 3 (Chrono Boost)  
  134  17:02  Immortal x2  
  134  17:06  High Templar x2  
  134  17:07  High Templar  
  134  17:08  High Templar  
  150  17:14  Archon  
  150  17:15  Archon  
  150  17:17  Archon  
  150  17:18  Archon x2  
  150  17:30  Tempest  
  150  17:33  Tempest  
  158  18:02  Immortal x3  
  170  18:08  Assimilator x2  
  170  18:14  Pylon  
  144  18:40  Nexus  
  144  18:43  High Templar x2  
  144  18:44  Zealot x5  
  144  18:45  Zealot x3  
  144  18:47  Archon  
  164  19:03  Probe  
  164  19:04  Probe x3  
  168  19:15  Probe  
  168  19:16  Probe  
  170  19:30  High Templar x3  
  170  19:31  High Templar  
  88  20:00  Zealot x5  
  94  20:11  High Templar  
  94  20:12  High Templar  
  90  20:17  Zealot x2  
  94  20:37  High Templar x2  
  94  20:38  Zealot x3  
  94  20:39  Zealot  
  106  20:43  Probe  
  101  21:07  High Templar x2  
  101  21:10  Zealot  
  101  21:11  Zealot x4  
  115  21:14  High Templar  
  115  21:16  High Templar  
  115  21:17  Archon  
  119  21:20  Archon  
  119  21:22  Zealot x2  
  123  21:36  Zealot x3  
  129  21:54  Zealot x5  
  139  22:08  Archon  
Tags
 
Add a new tag
Caveats
  • Supply blocks, unpowered buildings, or Contaminate may cause inaccurate times.
  • Supply counts are checked every 10 seconds.